 Dungeon Crawl Stone Soup version 0.28.0-55-gcd9437bce4 (webtiles) character file.

Game seed: 17933044018840380807

384910 AarnesTheHuman the Slayer (level 21, 210/210 HPs)
             Began as a Minotaur Berserker on June 21, 2022.
             Was a High Priest of Trog.
             Got out of the dungeon
             ... with 2 runes on Dec 22, 2022!
             The game lasted 04:40:16 (91743 turns).

AarnesTheHuman the Slayer (Minotaur Berserker)     Turns: 91743, Time: 04:40:16

Health: 210/210    AC: 32    Str: 35    XL:     21   Next: 98%
Magic:  20/20      EV: 13    Int:  4    God:    Trog [*****.]
Gold:   4659       SH: 23    Dex: 22    Spells: 20/20 levels left

rFire   + . .      SeeInvis +   a - +6 shillelagh "Devastator" {shatter}
rCold   + . .      Faith    .   x - +2 kite shield of Dice, Bag, and Bottle {rF+ rN+}
rNeg    + . .      Spirit   .   Z - +4 plate armour {Will+}
rPois   .          Reflect  +   J - +2 hat
rElec   .          Harm     .   H - +0 cloak
rCorr   .          Rampage  +   p - +1 pair of gloves of the Swamp {Rampage Str+7}
Will    ++...                   n - +2 pair of boots {Fly}
Stlth   ..........              D - amulet of reflection
HPRegen 0.45/turn               U - ring of Ylapyama {Dex+7 SInv}
MPRegen 0.17/turn               A - ring of protection from cold

@: flying
A: horns 2, retaliatory headbutt
}: 2/15 runes: decaying, serpentine
a: Renounce Religion, Berserk, Trog's Hand, Brothers in Arms


You escaped.
You worshipped Trog.
Trog was extremely pleased with you.
You visited 8 branches of the dungeon, and saw 40 of its levels.
You visited the Abyss 1 time.
You also visited: Bailey.

You collected 4999 gold pieces.
You spent 340 gold pieces at shops.

Inventory:

Hand Weapons
 a - the +6 shillelagh "Devastator" (weapon) {shatter}
   (You found it on level 7 of the Dungeon)

   It releases a powerful concussive burst when it strikes, dealing extra damage
   to the target and all other foes adjacent to them.
 b - the +3 mace "Gram" {antimagic, rPois rC- Will+}
   (You found it on level 3 of the Dungeon)

   It reduces the magical energy of the wielder, and disrupts the spells and
   magical abilities of those it strikes.
   Natural abilities and divine invocations are not affected.
   rC:        It makes you vulnerable to cold.
   rPois:     It protects you from poison.
   Will:      It increases your willpower.
 m - the +11 mace of the Wasteland {vorpal, rPois rN+}
   (Trog gifted it to you on level 4 of the Snake Pit)

   It inflicts extra damage upon your enemies.
   rPois:     It protects you from poison.
   rN:        It protects you from negative energy.
Missiles
 c - 5 silver boomerangs (quivered)
 f - 3 javelins
 i - 11 atropa-tipped darts
 r - 7 curare-tipped darts
 L - a throwing net
Armour
 n - a +2 pair of boots of flying (worn)
 p - the +1 pair of gloves of the Swamp (worn) {Rampage Str+7}
   (You found it on level 7 of the Dungeon)

   Str:       It affects your strength (+7).
   Rampage:   It bestows one free step when moving towards enemies.
 x - the +2 kite shield of Dice, Bag, and Bottle (worn) {rF+ rN+}
   (You found it in a bailey)

   rF:        It protects you from fire.
   rN:        It protects you from negative energy.
 H - a +0 cloak (worn)
 J - a +2 hat (worn)
 Z - a +4 plate armour of willpower (worn)
Jewellery
 v - a ring of protection from cold
 A - a ring of protection from cold (right hand)
 C - the ring "Boesetaz" {rElec rPois rN+ Will- Str+6}
   (You found it on level 1 of the Swamp)

   [ring of strength]

   Str:       It affects your strength (+6).
   rElec:     It insulates you from electricity.
   rPois:     It protects you from poison.
   rN:        It protects you from negative energy.
   Will:      It decreases your willpower.
 D - an amulet of reflection (around neck)
 F - a +6 ring of strength
 P - a ring of willpower
 U - the ring of Ylapyama (left hand) {Dex+7 SInv}
   (You bought it in a shop on level 4 of the Vaults)

   [ring of see invisible]

   Dex:       It affects your dexterity (+7).
   SInv:      It lets you see invisible.
 W - a ring of resist corrosion
 X - a ring of protection from fire
Wands
 t - a wand of flame (72)
 z - a wand of acid (5)
 G - a wand of iceblast (32)
 I - a wand of polymorph (6)
 O - a wand of digging (9)
 T - a wand of paralysis (14)
Scrolls
 h - 4 scrolls of fear
 j - 17 scrolls of teleportation
 q - 6 scrolls of fog
 s - 4 scrolls of holy word
 u - 9 scrolls of blinking
 w - 8 scrolls of vulnerability
 y - 2 scrolls of silence
 E - 2 scrolls of enchant weapon
 Y - 2 scrolls of magic mapping
Potions
 d - 7 potions of magic
 e - 12 potions of curing
 g - 5 potions of cancellation
 l - 5 potions of resistance
 B - a potion of ambrosia
 K - a potion of invisibility
 M - 6 potions of might
 N - 3 potions of haste
 Q - 5 potions of lignification
 V - 4 potions of heal wounds
Miscellaneous
 k - a phantom mirror
 o - a condenser vane
 R - a tin of tremorstones (2/2)
 S - a phial of floods


   Skills:
 + Level 22.9 Fighting
 - Level 5.5(14.7) Axes
 - Level 20.8(21.0) Maces & Flails
 - Level 12.0(16.4) Slings
 - Level 16.7(18.0) Throwing
 - Level 18.5 Armour
 - Level 7.0 Dodging
 - Level 18.0 Shields
 - Level 13.5 Evocations


You had 20 spell levels left.
You didn't know any spells.
Your spell library contained the following spells:

 Spells                   Type           Power      Damage    Failure   Level
 Fulminant Prism          Conj/Hex       0%         3d6       100%        4
 Iskenderun's Mystic Bla  Conj/Tloc      0%         2d3       100%        4
 Lee's Rapid Deconstruct  Erth           0%         3d5*      100%        5


Dungeon Overview and Level Annotations

Branches:
Dungeon (15/15)            Temple (0/1) D:6            Lair (6/6) D:9
  Swamp (4/4) Lair:2        Snake (4/4) Lair:3        Slime (0/5) Lair:5
    Orc (2/2) D:9             Elf (3/3) Orc:2        Vaults (4/5) D:14
  Crypt (0/3) Vaults:2     Depths (2/4) D:15         Bailey (visited)

Altars:
Fedhas
Gozag
Kikubaaqudgha
Nemelex Xobeh
Sif Muna
Trog
Vehumet
Zin
Jiyva

Shops:
D:1 (*([   D:6 :=   Orc:2 (::[*   Elf:1 [   Snake:3 !   Snake:4 (   Vaults:1 (
Vaults:4 *   Depths:1 =

Portals:
Hell: Depths:1 Depths:2
Abyss: Depths:2
Pandemonium: Depths:2
Ziggurat: Depths:2
Trove: Depths:1 (give +2 gold dragon scales)

Annotations:
D:4 exclusion: downstairs
D:11 4 runed translucent doors
Lair:3 exclusion: downstairs
Lair:4 exclusion: downstairs
Lair:6 exclusion: oklob plant
Swamp:2 2 transporters, Aditt's ghost, adept GnCA
Swamp:4 1 exclusion
Elf:2 3 runed translucent doors, exclusions: 3 doors and downstairs, Roxanne
Elf:3 2 transporters, kalagan's ghost, adept DECj
Vaults:1 1 runed translucent door, exclusion: door, Bidatih's ghost, adept MiBe
Vaults:2 1 transporter
Depths:1 exclusion: downstairs


Innate Abilities, Weirdness & Mutations

You have a pair of horns on your head.
You reflexively headbutt those who attack you in melee.


Message History

You fly upwards.
There is a stone staircase leading down here.
There is an open door here.
There is an open door here.
There is a stone staircase leading up, spattered with blood here.
You fly upwards.
There is a stone staircase leading down here.
Items here: )) [[.
There is a stone staircase leading up here.
You fly upwards.
There is a stone staircase leading down here.
There is a stone staircase leading up here.
You fly upwards.
There is a stone staircase leading down here.
There is an entrance to Wuahaq's Jewellery Shop here.
You see here a +0 whip.
There is a stone staircase leading up here.
You fly upwards.
There is a stone staircase leading down here.
There is a stone staircase leading up, spattered with blood here.
You fly upwards.
Level annotation: exclusion: downstairs
There is a stone staircase leading down here.
There is a stone staircase leading up here.
You fly upwards.
There is a stone staircase leading down, spattered with blood here.
You see here a +0 dagger.
There is a stone staircase leading up here.
You fly upwards.
There is a stone staircase leading down here.
There is a stone staircase leading up here.
You fly upwards.
There is a stone staircase leading down here.
You can't go up here!
There is an open door here.
You see here a +0 ring mail.
There is an escape hatch in the floor here.
There is a staircase leading out of the dungeon here.
Are you sure you want to leave the Dungeon?
This will make you lose the game!
You have escaped!

#.........#
#.#########
#.# #.# #.#
#.## #..#
♣♣♣♣♣♣♣♣♣.#
♣......@♣.#
♣.PPPPP.♣.#
♣.P≈≈≈P...#
♣.P≈8≈P.♣##
♣.P≈≈≈P.♣


♣.PPPPP.♣ ♣.......♣ ♣♣♣♣♣♣♣♣♣ There were no monsters in sight!

Vanquished Creatures
  A juggernaut (Depths:2)
  The ghost of deprived the Demon Slayer, a veteran HOFi of the Shining One (Vaults:2)
  The ghost of Faydane the Hoplite, a veteran HuFi of the Shining One (Vaults:3)
  Vashnia (Snake:4)
  Xtahua (Vaults:3)
  2 tentacled monstrosities
  Jorgrun (D:14)
  Rupert (Snake:1)
  2 deep elf blademasters (Elf:3)
  2 deep elf master archers (Elf:3)
  The ghost of Lolleill the Bludgeoner, an adept DgTm (Vaults:3)
  Gastronok (D:8)
  Frances (D:14)
  Donald (Orc:2)
  3 thorn hunters
  A sphinx (Vaults:3)
  4 tengu reavers
  Kirke (Lair:4)
  4 nagarajas
  3 fire giants (Depths:2)
  A fenstrider witch (Swamp:2)
  Aizul (Depths:2)
  4 deep elf sorcerers
  A frost giant (Depths:2)
  Louise (Depths:2)
  An orc warlord (Vaults:4)
  11 vault wardens
  4 deep elf elementalists (Elf:3)
  A spriggan defender (Depths:2)
  17 very ugly things
  2 ironbound thunderhulks
  A vampire knight (Depths:2)
  2 war gargoyles
  9 ironbound preservers
  6 stone giants
  7 deep elf demonologists
  Nessos (Orc:2)
  Azrael (Elf:1)
  The ghost of Ruicvywi the Grappler, a journeyman OgTm of Okawaru (Lair:3)
  4 dire elephants (Vaults:1)
  An eleionoma (Swamp:3)
  3 deep elf annihilators (Elf:3)
  7 bunyips
  An entropy weaver (Vaults:2)
  2 spark wasps (Depths:2)
  Snorg (D:14)
  2 green deaths (Swamp:4)
  2 ettins
  4 deep elf death magi (Elf:3)
  A fire dragon (Depths:2)
  A shambling mangrove (Swamp:1)
  A rakshasa (Depths:1)
  9 great orbs of eyes
  14 yaktaur captains
  2 deep elf high priests (Elf:3)
  20 hydras
  2 hell beasts (Swamp:4)
  18 naga warriors
  Erolcha (D:11)
  A ghost crab (Swamp:2)
  10 ice dragons
  2 peacekeepers
  7 boulder beetles
  10 anacondas
  17 centaur warriors
  8 vault guards
  2 spriggan air magi
  Harold (D:8)
  The ghost of kalagan the Thaumaturge, a journeyman DECj of Sif Muna (Lair:3)
  Erica (D:8)
  The ghost of Hijiripn the Devastator, a journeyman DECj of Vehumet (Lair:3)
  2 salamander tyrants (Snake:4)
  An anaconda (shapeshifter) (Elf:3)
  3 death knights
  6 two-headed ogres
  5 ironbound frosthearts
  8 dancing weapons
  16 alligators
  19 death yaks
  3 deep troll earth magi
  2 deep troll shamans
  6 orc high priests
  3 tengu warriors
  8 spriggan berserkers (Depths:2)
  2 vampire magi
  15 naga sharpshooters
  6 shock serpents
  11 deep elf knights
  2 thrashing horrors (Swamp:4)
  A titan skeleton (D:15)
  An iron troll (Depths:2)
  6 skeletal warriors
  32 deep trolls
  3 goliath frogs
  8 salamander mystics
  3 spriggan druids
  A golden dragon zombie (D:15)
  5 naga ritualists
  11 wizards
  11 swamp dragons
  8 ironbound convokers
  9 lindwurms
  11 bog bodies
  10 orc knights
  45 deep elf pyromancers
  22 deep elf zephyrmancers
  21 deep elf archers
  8 mana vipers
  2 necromancers
  4 phantasmal warriors
  2 orc sorcerers
  2 frost giant zombies
  42 ugly things
  6 salamanders
  2 cyclopes
  3 manticores
  A will-o-the-wisp (Swamp:2)
  15 elephants
  15 vault sentinels
  10 guardian serpents
  A frost giant skeleton (D:15)
  24 black mambas
  An eye of devastation (shapeshifter) (Depths:2)
  A torpor snail (Lair:6)
  3 orange demons (Swamp:4)
  A smoke demon (Abyss:2)
  A gargoyle (D:11)
  16 cane toads
  15 naga magi
  An unseen horror (D:10)
  A spriggan zombie (Depths:1)
  7 komodo dragons
  2 rime drakes
  2 hellwings (Abyss:2)
  A rime drake (shapeshifter) (Abyss:2)
  3 tengu conjurers
  44 yaktaurs
  A bloated husk (Swamp:1)
  An ancient zyme (Abyss:2)
  4 trolls
  A merfolk (shapeshifter) (Depths:2)
  7 hornets
  A queen bee (shapeshifter) (D:15)
  A polar bear (shapeshifter) (D:13)
  8 tyrant leeches
  8 polar bears
  Prince Ribbit (D:4)
  17 blink frogs
  14 slime creatures
  A dream sheep (shapeshifter) (Depths:1)
  An ettin zombie (Depths:1)
  4 dream sheep (Lair:6)
  A ynoxinul (Depths:2)
  3 large abominations
  7 spriggans
  3 shadows
  7 water elementals
  5 air elementals
  Sigmund (D:3)
  8 fire bats
  5 vampires
  2 wraiths
  9 wyverns
  29 yaks
  A small abomination (Abyss:2)
  9 fire elementals
  2 hogs (Lair:4)
  12 basilisks
  8 vampire mosquitoes
  3 redbacks (Vaults:2)
  17 swamp worms
  Duvessa (D:7)
  An acid dragon (D:11)
  A warg (Elf:3)
  56 nagas
  7 hell hounds
  2 swamp drakes (Swamp:1)
  17 water moccasins
  49 orc warriors
  A meliai simulacrum (D:15)
  5 black bears
  3 sky beasts
  2 ice beasts (D:7)
  23 wolves
  11 ogres
  3 boggarts (D:15)
  16 centaurs
  A necrophage (D:6)
  3 kobold brigands
  2 phantoms
  9 bullfrogs
  A gnoll sergeant (D:8)
  5 earth elementals
  3 scorpions
  Dowan (D:7)
  2 water moccasin skeletons
  26 killer bees
  6 wights
  A howler monkey (D:7)
  7 electric eels
  4 lava snakes
  3 jellies
  A bullfrog zombie (D:7)
  5 hounds
  8 centaur zombies
  26 orc priests
  2 bullfrog skeletons (D:5)
  A centaur skeleton (D:5)
  2 gnoll shamans
  An iron imp (Abyss:2)
  Jessica (D:15)
  2 iguanas (D:5)
  A scorpion zombie (D:5)
  17 orc wizards
  4 hell rats (Lair:6)
  A hound skeleton (D:5)
  18 gnolls
  10 adders
  2 shadow imps
  2 white imps
  An ufetubus (D:3)
  A worm (D:3)
  122 orcs
  6 ball pythons
  9 endoplasms
  2 giant cockroaches (D:1)
  14 goblins
  3 hobgoblins
  7 jackals
  A quokka (D:5)
  3 bats
  20 kobolds
  2 rats
  3 fire vortices (D:13)
1596 creatures vanquished.

Vanquished Creatures (collateral kills)
  A dire elephant (Lair:6)
  2 catoblepae
  A deep troll shaman (Lair:6)
  A wizard (Vaults:3)
5 creatures vanquished.

Vanquished Creatures (others)
  3 deep elf knights
  2 deep elf pyromancers (Elf:1)
  A yaktaur (Vaults:4)
  A bloated husk (Swamp:3)
  A water elemental (Elf:1)
  3 foxfires (Swamp:2)
  86 fungi
  103 plants
  3 withered plants (D:15)
203 creatures vanquished.

Grand Total: 1804 creatures vanquished

Notes
Turn   | Place    | Note
-------+----------+-------------------------------------------
     0 | D:1      | AarnesTheHuman the Minotaur Berserker began the quest for
                  | the Orb.
     0 | D:1      | Reached XP level 1. HP: 19/19 MP: 0/0
   124 | D:1      | Found Qorgh's Weapon Shoppe.
   301 | D:1      | Reached XP level 2. HP: 27/27 MP: 1/1
   302 | D:1      | Found Quopouwo's Weapon Boutique.
   305 | D:1      | Found Pekkai's Antique Armour Shop.
   447 | D:1      | Reached skill level 4 in Fighting
   557 | D:1      | Found Uracruqo's Assorted Antiques.
  1027 | D:1      | Found a faded altar of an unknown god.
  1330 | D:2      | Reached XP level 3. HP: 32/33 MP: 2/2
  1827 | D:3      | Reached ** piety under Trog
  1842 | D:3      | Reached XP level 4. HP: 38/41 MP: 3/3
  2465 | D:3      | Noticed Sigmund
  2478 | D:3      | Killed Sigmund
  2479 | D:3      | Reached skill level 5 in Fighting
  2479 | D:3      | Reached skill level 5 in Axes
  2479 | D:3      | Reached XP level 5. HP: 48/48 MP: 4/4
  2538 | D:3      | Identified the +3 mace "Gram" {antimagic, rPois rC- Will+}
  2747 | D:3      | Reached XP level 6. HP: 38/56 MP: 1/5
  3100 | D:4      | Reached skill level 1 in Maces & Flails
  3100 | D:4      | Reached skill level 5 in Armour
  3206 | D:4      | Noticed a water moccasin
  3213 | D:4      | Killed a water moccasin
  3214 | D:4      | Reached skill level 6 in Fighting
  3401 | D:4      | Reached XP level 7. HP: 63/63 MP: 2/6
  4110 | D:5      | Entered Level 5 of the Dungeon
  4451 | D:5      | Reached skill level 7 in Fighting
  4743 | D:5      | Reached *** piety under Trog
  4768 | D:5      | Reached XP level 8. HP: 73/73 MP: 2/7
  4929 | D:5      | Reached skill level 5 in Maces & Flails
  5200 | D:5      | Found a shimmering blue altar of Sif Muna.
  5358 | D:5      | Noticed Prince Ribbit
  5379 | D:5      | Reached skill level 8 in Fighting
  5483 | D:4      | Killed Prince Ribbit
  6012 | D:6      | Found Wuahaq's Jewellery Shop.
  6033 | D:6      | Reached XP level 9. HP: 64/82 MP: 2/8
  6121 | D:6      | Found a staircase to the Ecumenical Temple.
  6134 | D:6      | Reached skill level 9 in Fighting
  6483 | D:6      | Found Obiaff's Book Emporium.
  6819 | D:7      | Found a transporter.
  6927 | D:7      | Found the +6 shillelagh "Devastator" {shatter}
  6990 | D:7      | Found a transporter.
  7321 | D:7      | Reached skill level 1 in Slings
  7378 | D:7      | Noticed Duvessa
  7381 | D:7      | Noticed Dowan
  7384 | D:7      | Killed Duvessa
  7385 | D:7      | Reached skill level 10 in Fighting
  7390 | D:7      | Killed Dowan
  7539 | D:7      | Reached **** piety under Trog
  7757 | D:7      | Reached skill level 10 in Armour
  7898 | D:8      | Reached XP level 10. HP: 74/94 MP: 7/9
  7919 | D:8      | Found a flagged portal.
  7947 | Bailey   | Entered a bailey
  8701 | Bailey   | Identified the +2 kite shield of Dice, Bag, and Bottle {rF+
                  | rN+}
  8705 | Bailey   | Identified the +9 plate armour of Crawling {rN+++ rCorr
                  | Dex-5 Slay-4}
  8824 | D:8      | Noticed a two-headed ogre
  8832 | D:8      | Killed a two-headed ogre
  8833 | D:8      | Reached skill level 1 in Shields
  9010 | D:8      | Noticed Erica
  9026 | D:8      | Killed Erica
  9027 | D:8      | Reached skill level 11 in Fighting
  9339 | D:8      | Reached skill level 5 in Slings
  9510 | D:8      | Reached skill level 10 in Maces & Flails
  9550 | D:9      | Noticed Harold
  9622 | D:8      | Killed Harold
  9623 | D:8      | Reached XP level 11. HP: 96/102 MP: 7/10
  9700 | D:9      | Noticed Gastronok
  9974 | D:8      | Killed Gastronok
  9974 | D:8      | Reached ***** piety under Trog
  9975 | D:8      | Reached skill level 5 in Shields
 10337 | D:9      | Found a staircase to the Orcish Mines.
 10677 | D:9      | Found a staircase to the Lair.
 10797 | D:9      | Received a gift from Trog
 10888 | D:10     | Entered Level 10 of the Dungeon
 11168 | D:10     | Noticed a two-headed ogre
 11207 | D:10     | Killed a two-headed ogre
 12099 | D:10     | Noticed a two-headed ogre
 12106 | D:10     | Killed a two-headed ogre
 12409 | D:11     | Noticed a boulder beetle
 12418 | D:11     | Killed a boulder beetle
 12505 | D:11     | Found a runed translucent door.
 12511 | D:11     | Found a runed translucent door.
 12569 | D:11     | Noticed Erolcha
 12737 | D:11     | Killed Erolcha
 12763 | D:11     | Reached XP level 12. HP: 77/111 MP: 3/11
 13277 | D:11     | Found a runed translucent door.
 13295 | D:11     | Found a runed translucent door.
 13296 | D:11     | Noticed a two-headed ogre
 13598 | Lair:1   | Entered Level 1 of the Lair of Beasts
 13698 | Lair:1   | Identified the +3 scale mail of the Pit {rElec rN+ Stlth+}
 13730 | Lair:1   | Noticed a four-headed hydra
 13737 | Lair:1   | Killed a four-headed hydra
 13910 | Lair:1   | Reached skill level 12 in Fighting
 13973 | Lair:1   | Noticed a four-headed hydra
 13983 | Lair:1   | Killed a four-headed hydra
 14025 | Lair:1   | Identified the +6 halberd "Goblinbane" {drain, *Noise rElec
                  | rF+ Int+2}
 14703 | Lair:2   | Received a gift from Trog
 14726 | Lair:2   | Noticed a four-headed hydra
 14734 | Lair:2   | Reached skill level 10 in Shields
 14735 | Lair:2   | Killed a four-headed hydra
 15221 | Lair:2   | Found a staircase to the Swamp.
 16036 | Lair:3   | Reached skill level 13 in Fighting
 16449 | Lair:3   | Reached XP level 13. HP: 122/122 MP: 12/12
 16498 | Lair:3   | Found a runed translucent gate.
 16498 | Lair:3   | Found a runed translucent gate.
 16498 | Lair:3   | Found a runed translucent gate.
 16503 | Lair:3   | Noticed kalagan's ghost (journeyman DECj)
 16503 | Lair:3   | Noticed Ruicvywi's ghost (journeyman OgTm)
 16503 | Lair:3   | Noticed Hijiripn's ghost (journeyman DECj)
 16574 | Lair:3   | Reached skill level 10 in Slings
 16838 | Lair:3   | Found a staircase to the Snake Pit.
 17670 | Lair:4   | Received a gift from Trog
 17994 | Lair:4   | Noticed Kirke
 18040 | Lair:4   | Killed Kirke
 18041 | Lair:4   | Reached skill level 14 in Fighting
 20670 | Lair:5   | Found a viscous altar of Jiyva.
 20670 | Lair:5   | Found a staircase to the Slime Pits.
 20773 | Lair:6   | Entered Level 6 of the Lair of Beasts
 21015 | Lair:6   | Reached XP level 14. HP: 120/133 MP: 11/13
 22246 | Lair:5   | Found a viscous altar of Jiyva.
 22247 | Lair:5   | Found a staircase to the Slime Pits.
 23521 | Lair:6   | Reached skill level 15 in Fighting
 23938 | Lair:6   | Received a gift from Trog
 23946 | Lair:6   | Reached skill level 5 in Dodging
 26709 | Lair:6   | Reached skill level 16 in Fighting
 27218 | D:7      | Identified the +1 pair of gloves of the Swamp {Rampage
                  | Str+7}
 27310 | Orc:1    | Entered Level 1 of the Orcish Mines
 28744 | Orc:2    | Entered Level 2 of the Orcish Mines
 28852 | Orc:2    | Noticed Nessos
 28852 | Orc:2    | Noticed Donald
 28875 | Orc:2    | Killed Nessos
 28882 | Orc:2    | Reached skill level 1 in Throwing
 28974 | Orc:2    | Killed Donald
 29226 | Orc:2    | Found Ytewanou's Weapon Shoppe.
 29729 | Orc:2    | Found a staircase to the Elven Halls.
 30264 | Orc:2    | Received a gift from Trog
 30397 | Orc:2    | Reached XP level 15. HP: 145/145 MP: 14/14
 30550 | Orc:2    | Reached skill level 5 in Throwing
 30959 | Orc:2    | Found Wachit's General Store.
 30959 | Orc:2    | Found Voninus's Book Shop.
 30960 | Orc:2    | Found Kuafroal's Armour Boutique.
 30960 | Orc:2    | Found Mycrirex's Book Shop.
 32997 | D:12     | Received a gift from Trog
 33813 | Lair:3   | Killed Ruicvywi's ghost
 33826 | Lair:3   | Killed kalagan's ghost
 33828 | Lair:3   | Killed Hijiripn's ghost
 34080 | D:13     | Reached skill level 1 in Evocations
 34212 | D:13     | You fall into a shaft and drop 1 floor!
 34242 | D:14     | Noticed Snorg
 34249 | D:14     | Killed Snorg
 34344 | D:14     | Noticed Jorgrun
 34363 | D:14     | Killed Jorgrun
 34535 | D:14     | Reached skill level 15 in Maces & Flails
 34588 | D:14     | Found a gate to the Vaults.
 34804 | D:14     | Found a blossoming altar of Fedhas.
 34854 | D:14     | Noticed Frances
 34868 | D:14     | Killed Frances
 35815 | D:15     | Entered Level 15 of the Dungeon
 37118 | D:15     | Reached skill level 17 in Fighting
 37118 | D:15     | Reached XP level 16. HP: 155/155 MP: 15/15
 37125 | D:15     | Found a sparkling altar of Nemelex Xobeh.
 37125 | D:15     | Noticed Jessica
 37127 | D:15     | Killed Jessica
 37310 | D:15     | Found a staircase to the Depths.
 38618 | Snake:1  | Entered Level 1 of the Snake Pit
 39156 | Snake:1  | Noticed Rupert
 39171 | Snake:1  | Received a gift from Trog
 39743 | Swamp:1  | Entered Level 1 of the Swamp
 39829 | Swamp:1  | Noticed a thorn hunter
 39836 | Swamp:1  | Killed a thorn hunter
 40119 | Swamp:1  | Reached skill level 10 in Throwing
 40510 | Swamp:1  | Identified the ring "Boesetaz" {rElec rPois rN+ Will-
                  | Str+6}
 41234 | Swamp:2  | Reached skill level 5 in Evocations
 41840 | Swamp:2  | Identified the +3 rapier of Trog's Indignation {vorpal,
                  | Stlth+} (Trog gifted it to you on level 2 of the Swamp)
 41840 | Swamp:2  | Received a gift from Trog
 41971 | Swamp:2  | Noticed a thorn hunter
 41985 | Swamp:2  | Killed a thorn hunter
 42247 | Swamp:2  | Found a transporter.
 42253 | Swamp:2  | Found a transporter.
 42258 | Swamp:2  | Found a bloodstained altar of Trog.
 42258 | Swamp:2  | Noticed Aditt's ghost (adept GnCA)
 42674 | Swamp:3  | Noticed a thorn hunter
 42681 | Swamp:3  | Killed a thorn hunter
 43618 | Swamp:4  | Entered Level 4 of the Swamp
 44102 | Swamp:3  | Reached XP level 17. HP: 133/161 MP: 12/16
 46142 | Swamp:4  | Received a gift from Trog
 46800 | Swamp:4  | Got a decaying rune of Zot
 47584 | Snake:1  | Killed Rupert
 48612 | Snake:2  | Received a gift from Trog
 49437 | Snake:3  | Reached XP level 18. HP: 156/169 MP: 15/17
 49749 | Snake:3  | Found Reshroun's Distillery.
 49756 | Snake:3  | Bought a potion of haste for 140 gold pieces
 49756 | Snake:3  | Bought a potion of heal wounds for 70 gold pieces
 50268 | Snake:4  | Entered Level 4 of the Snake Pit
 51531 | Snake:4  | Found Hihuw's Weapon Shop.
 52214 | Snake:4  | Identified the +11 mace of the Wasteland {vorpal, rPois
                  | rN+} (Trog gifted it to you on level 4 of the Snake Pit)
 52214 | Snake:4  | Received a gift from Trog
 53044 | Snake:4  | Reached skill level 15 in Armour
 54492 | Snake:4  | Received a gift from Trog
 55294 | Snake:4  | Found Hihuw's Weapon Shop.
 56117 | Snake:4  | Found Hihuw's Weapon Shop.
 56487 | Snake:4  | Noticed Vashnia
 56500 | Snake:4  | Killed Vashnia
 56981 | Snake:4  | Found Hihuw's Weapon Shop.
 57693 | Snake:4  | Found Hihuw's Weapon Shop.
 58308 | Snake:4  | Got a serpentine rune of Zot
 58384 | Snake:4  | Identified the +5 ring mail "Dacoudamp" {rPois}
 58714 | Vaults:1 | Entered Level 1 of the Vaults
 58969 | Vaults:1 | Reached skill level 15 in Throwing
 60772 | Vaults:1 | Reached skill level 10 in Evocations
 60864 | Vaults:1 | Found a runed translucent door.
 60864 | Vaults:1 | Noticed Bidatih's ghost (adept MiBe)
 60958 | Vaults:1 | Found Syjiul's Antique Weapon Shoppe.
 61361 | Vaults:2 | Reached skill level 15 in Shields
 61490 | Vaults:2 | Received a gift from Trog
 61520 | Vaults:2 | Reached XP level 19. HP: 177/177 MP: 18/18
 62080 | Vaults:2 | Found a staircase to the Crypt.
 62410 | Vaults:2 | Found a radiant altar of Vehumet.
 62414 | Vaults:2 | Found a transporter.
 64487 | Vaults:3 | Received a gift from Trog
 64741 | Vaults:3 | Reached skill level 18 in Fighting
 64744 | Vaults:3 | Reached ****** piety under Trog
 65579 | Vaults:3 | Identified the +9 plate armour "Seal" {MP+9 Int-5 Dex-2
                  | SInv}
 65674 | Vaults:3 | Noticed Xtahua
 65682 | Vaults:3 | Killed Xtahua
 65955 | Vaults:3 | Found a runed translucent gate.
 65955 | Vaults:3 | Found a runed translucent gate.
 65955 | Vaults:3 | Found a runed translucent gate.
 65957 | Vaults:3 | Noticed Faydane's ghost (veteran HuFi)
 65957 | Vaults:3 | Noticed Lolleill's ghost (adept DgTm)
 65957 | Vaults:3 | Noticed deprived's ghost (veteran HOFi)
 67629 | Vaults:2 | Killed deprived's ghost
 68074 | Vaults:3 | Identified the +9 morningstar "Kuarph" {drain, Str-4 Int+8}
 68241 | Vaults:3 | Killed Lolleill's ghost
 68440 | Vaults:3 | Killed Faydane's ghost
 69377 | Vaults:4 | Reached XP level 20. HP: 180/189 MP: 19/19
 69420 | Vaults:4 | Reached skill level 19 in Fighting
 70097 | Vaults:4 | Cast into level 2 of the Abyss (a wizard)
 70309 | Abyss:2  | Noticed a bone dragon
 70451 | Vaults:4 | Escaped the Abyss
 70752 | Vaults:4 | Received a gift from Trog
 71324 | Vaults:4 | Found Tykhlemo's Assorted Antiques.
 71331 | Vaults:4 | Bought a coiled ivory ring for 130 gold pieces
 71331 | Vaults:4 | Identified the ring of Ylapyama {Dex+7 SInv} (You bought it
                  | in a shop on level 4 of the Vaults)
 72211 | Elf:1    | Entered Level 1 of the Elven Halls
 72602 | Orc:2    | Received a gift from Trog
 73640 | Elf:1    | Paralysed by an air elemental for 1 turns
 73643 | Elf:1    | Received a gift from Trog
 73696 | Elf:1    | Reached skill level 20 in Fighting
 73723 | Elf:1    | Noticed Azrael
 73744 | Elf:1    | Killed Azrael
 74282 | Elf:1    | Paralysed by an air elemental for 1 turns
 74298 | Elf:1    | Paralysed by an air elemental for 1 turns
 74483 | Elf:1    | Found Ashryfinn's Antique Armour Emporium.
 76212 | Elf:2    | Noticed Roxanne
 76368 | Elf:2    | Received a gift from Trog
 76964 | Elf:2    | Found a runed translucent gate.
 76965 | Elf:2    | Found a runed translucent gate.
 76965 | Elf:2    | Found a runed translucent gate.
 77326 | Elf:3    | Entered Level 3 of the Elven Halls
 77497 | Elf:3    | Reached XP level 21. HP: 177/202 MP: 6/20
 78080 | Elf:3    | Found a transporter.
 78099 | Elf:3    | Noticed kalagan's ghost (adept DECj)
 78112 | Elf:3    | Found an ancient bone altar of Kikubaaqudgha.
 78207 | Elf:3    | Found a transporter.
 78234 | Elf:3    | Paralysed by an air elemental for 1 turns
 79809 | Elf:3    | Identified the +0 plate armour of Forking Paths {Contam
                  | Harm rPois rCorr}
 79824 | Elf:3    | Identified the +7 broad axe of Vulaohun {vorpal, rPois rF++
                  | Str-5 SInv}
 80402 | Elf:3    | Identified the +0 chain mail "Ruja" {rN+}
 80457 | Elf:3    | Received a gift from Trog
 82365 | Elf:3    | Identified the +7 mace "Unebbiudu" {elec, rCorr Str+4 Dex+4
                  | Stlth+}
 82378 | Elf:3    | Reached skill level 21 in Fighting
 85079 | Elf:3    | Identified the +4 giant spiked club of the Distant Future
                  | {vorpal, rElec rC++ Str-4}
 85143 | Elf:3    | Identified the +2 hand crossbow of Vaenwot {elec, rElec rF+
                  | rC+ Str-4}
 85416 | Elf:3    | Noticed a caustic shrike
 85416 | Elf:3    | a caustic shrike changed into an iron dragon
 85921 | Depths:1 | Entered Level 1 of the Depths
 86042 | Depths:1 | Found Jotusk's Jewellery Emporium.
 86080 | Depths:1 | Found a portal to a secret trove of treasure.
 86494 | Depths:1 | Found a gateway to Hell.
 86852 | Depths:1 | Received a gift from Trog
 86943 | Depths:1 | Found an opulent altar of Gozag.
 87177 | Depths:1 | Found a glowing silver altar of Zin.
 87496 | Depths:2 | Found a one-way gate leading to the halls of Pandemonium.
 87520 | Depths:2 | Noticed Aizul
 87540 | Depths:2 | Killed Aizul
 87853 | Depths:2 | Noticed Louise
 87858 | Depths:2 | Found a one-way gate to the infinite horrors of the Abyss.
 88327 | Depths:2 | Killed Louise
 88984 | Depths:2 | Noticed a juggernaut
 89001 | Depths:2 | Killed a juggernaut
 89737 | Depths:2 | Upgraded the game from 0.28.0-53-g5a82cb258f to
                  | 0.28.0-55-gcd9437bce4
 89786 | Depths:2 | Reached skill level 22 in Fighting
 91256 | Depths:2 | Found a one-way gateway to a ziggurat.
 91743 | D:$      | Got out of the dungeon!

Illustrated notes

Levels and vault maps discovered:
D:1:      tarquinn_simple_flora_water_a, layout_basic,
          shapermc_ecumenical_altar_pompeii, serial_shops, shop, shop, shop,
          shop
D:2:      layout_loops_ring
D:3:      layout_loops_ring, minmay_pentomino_pile, uniq_sigmund
D:4:      layout_loops_ring, serial_bayou_crossing
D:5:      layout_basic, kennysheep_orc_sif_temple, kennysheep_another_room,
          nzn_random_ring, uniq_prince_ribbit1
D:6:      layout_rooms, minmay_temple_entry_statues_pillars, serial_shops, shop,
          shop
D:7:      gammafunk_cloud_chamber, layout_basic, uniq_duvessa
D:8:      layout_basic, enter_bailey_3, uniq_erica
D:9:      layout_stronghold, due_lair_maze_entry_diamond, hiddenorc2_lemuel,
          uniq_gastronok, uniq_harold
D:10:     layout_gridville, small_statue_intersection
D:11:     layout_grid_maze, minmay_statue_crystal_thing, uniq_erolcha
D:12:     layout_roguey
D:13:     layout_cave_pools, hangedman_incinerator
D:14:     layout_roguey, david_vaults_2, serial_bayou_shore_b,
          fedhas_ov_isle_minmay, uniq_jorgrun, uniq_frances, uniq_snorg
D:15:     gammafunk_depths_entry_grave, layout_stronghold,
          nemelex_lonely_heart_becter
Lair:1:   layout_small_grid
Lair:2:   layout_misc_corridors, nicolae_swamp_entry_splash_gauntlet,
          serial_bayou_shore_b
Lair:3:   layout_roguey, minmay_snake_entry_guardpost_medium,
          gammafunk_ghost_cemetery, infiniplex_staircase_pool
Lair:4:   layout_hall_layers, infiniplex_staircase_pool_2, grunt_megastairs_1,
          uniq_kirke
Lair:5:   layout_roguey, dpeg_slime_entry_enclosed_altar, columned_hall_lemuel,
          nicolae_lair_liquid_snakes
Lair:6:   grunt_lair_end_beastmaster, layout_regular_city,
          cheibrodos_lair_lostbears
Swamp:1:  layout_falls_marsh, evilmike_swamp_ruin_house_6
Swamp:2:  layout_basic_swamp, gammafunk_ghost_wrathful_warriors,
          evilmike_swamp_ruin_wall, swamp_pool2, hangedman_swamp_double_dragon
Swamp:3:  layout_falls_marsh, hangedman_swamp_ruin_hall
Swamp:4:  swamp_vile, layout_basic_swamp, swamp_pool3
Snake:1:  layout_gridlike, drop_trap, grunt_megastairs_3, uniq_rupert
Snake:2:  layout_basic
Snake:3:  layout_honeycomb, serial_shops, nicolae_shop_trees
Snake:4:  johnstein_snake_rune_scales, layout_chambers, serial_shops,
          nicolae_square_shop, serial_bayou_shore_b
Orc:1:    layout_diamond_mine
Orc:2:    st_orc_pillars, layout_caves, serial_shops, shop, uniq_donald,
          uniq_nessos
Elf:1:    layout_loops_corners, serial_shops, nicolae_diamond_shop,
          minmay_elf_crystal_hexagon, minmay_checkered_concentric_circles,
          uniq_azrael
Elf:2:    nicolae_elf_blades_crystal_corner, layout_onion_city, uniq_roxanne
Elf:3:    elf_hall_gauntlet_narrow, layout_onion_city,
          gammafunk_ghost_berserking_beasts, basic_altar
Vaults:1: gammafunk_ghost_grave, v_misc_29, v_misc_25, ontoclasm_vaults_gateway,
          nicolae_vaults_circle_grid_b, nicolae_vaults_little_squares_6,
          vaults_room_grid, layout_vaults_omnigrid, serial_shops, shop
Vaults:2: vaults_mumra_hexcomb, hangedman_vaults_river_flow,
          gammafunk_sealed_library, minmay_crypt_entry_vampire_xt,
          vaults_dpeg_cross, vaults_room_fancy_cross, hangedman_vaults_unwind,
          ontoclasm_vaults_claustrophobia, nicolae_vaults_circle_grid_b,
          vaults_mumra_lcd, nicolae_vaults_network_barrier,
          ontoclasm_vaults_shuriken, ontoclasm_vaults_eye, layout_vaults_maze
Vaults:3: gammafunk_ghost_cemetery, vaults_dpeg_ring, vaults_mumra_hex,
          grunt_vaults_hallway_short, nicolae_vaults_network_periphery,
          hangedman_vaults_trim, hangedman_vaults_nails,
          nicolae_vaults_yaktaur_gun_rack, ontoclasm_vaults_twist,
          hangedman_vaults_cutoff, nicolae_vaults_ring_of_whatevers,
          layout_vaults_chaotic_city, uniq_xtahua
Vaults:4: v_misc_16, v_rooms_5, nicolae_vaults_back_hallway, vaults_dpeg_doors,
          vaults_room_fours, vaults_mumra_minichess_inversion,
          hangedman_vaults_cutoff, dpeg_vaults_monster_box,
          layout_vaults_omnicross, serial_shops, nicolae_shop_stone
Depths:1: layout_roguey, nicolae_gozag_seed_capital, hell_entry, enter_trove_1,
          zin_statuary, minmay_shop_star, kennysheep_random_hallway
Depths:2: minmay_bad_star, layout_basic, enter_ziggurat_b,
          rand_demon_pan_entry_1, nicolae_abyss_entry_one_way_or_another,
          hell_entry, infiniplex_staircase_zigzag_3, uniq_aizul

Skill      XL: |  1  2  3  4  5  6  7  8  9 10 11 12 13 14 15 16 17 18 19 20 21 |
---------------+----------------------------------------------------------------+-----
Fighting       | 4 5 6 7 8 10 11 13 14 16 17 18 20 22 | 22.9
Axes           | 4 5 |  5.5
Armour         | 3 4 5 6 8 10 11 13 14 16 17 18 | 18.5
Maces & Flails | 2 4 6 8 10 12 13 14 15 18 20 | 20.8
Slings         | 3 5 7 9 11 12 | 12.0
Shields        | 4 8 10 12 13 15 17 18 | 18.0
Dodging        | 5 6 7 |  7.0
Throwing       | 4 9 11 14 15 16 | 16.7
Evocations     | 3 7 8 10 12 13 | 13.5

Action                   |  1- 3 |  4- 6 |  7- 9 | 10-12 | 13-15 | 16-18 | 19-21 || total
-------------------------+-------+-------+-------+-------+-------+-------+-------++-------
Melee: Hand axe          |    44 |       |       |       |       |       |       ||    44
       Headbutt          |     9 |    13 |    39 |    55 |   154 |   231 |   517 ||  1018
       Punch             |     1 |     1 |     5 |       |       |       |       ||     7
       Dagger            |    28 |    40 |       |       |       |       |       ||    68
       Mace              |       |    44 |   204 |    15 |    40 |     1 |   984 ||  1288
       Shillelagh        |       |       |    38 |   351 |   671 |  1024 |   838 ||  2922
       Flail             |       |       |       |       |     1 |       |       ||     1
       Demon whip        |       |       |       |       |       |       |     8 ||     8
 Fire: Hunting sling     |       |       |    20 |    74 |   358 |       |       ||   452
Throw: Dart              |       |     5 |     4 |    15 |    11 |     3 |     4 ||    42
       Throwing net      |       |       |       |     2 |       |     1 |     1 ||     4
       Boomerang         |       |       |       |     1 |    98 |   367 |   135 ||   601
       Javelin           |       |       |       |       |    13 |     9 |     7 ||    29
Invok: Berserk           |       |     1 |     2 |       |     1 |       |       ||     4
       Trog's Hand       |       |       |     1 |     2 |       |       |     3 ||     6
       Brothers in Arms  |       |       |       |       |     2 |       |     2 ||     4
Evoke: Wand              |       |       |       |     1 |     4 |     3 |     3 ||    11
       Condenser vane    |       |       |       |       |     2 |       |       ||     2
       Phantom mirror    |       |       |       |       |       |       |     1 ||     1
  Use: Scroll            |       |     7 |     6 |     7 |     7 |     6 |     8 ||    41
       Potion            |       |       |       |       |       |       |     1 ||     1
 Stab: Held in net/web   |       |       |       |     1 |       |       |       ||     1
       Distracted        |       |       |       |       |       |     1 |     1 ||     2
Armor: Animal skin       |     9 |       |       |       |       |       |       ||     9
       Plate armour      |    30 |    62 |   179 |   149 |   139 |   326 |   463 ||  1348
       Scale mail        |       |       |       |    22 |    42 |       |       ||    64
       Ring mail         |       |       |       |       |    77 |       |       ||    77
Dodge: Dodged            |    36 |    26 |    90 |   103 |   177 |   219 |   304 ||   955
Block: Kite shield       |       |       |       |   158 |   376 |   569 |  1070 ||  2173
       Reflection        |       |       |       |       |       |    16 |   121 ||   137
